 Dungeon Crawl Stone Soup version 0.23.2-1-ga50397a6bc (webtiles) character file.

Game seed: 11090399403474992332

6209 Menchi the Blocker (level 10, -3/82 HPs)
             Began as a Gnoll Fighter on May 16, 2019.
             Was an Initiate of Gozag.
             Slain by an orc warrior
             ... wielding a +0 glaive
              (15 damage)
             ... on level 9 of the Dungeon.
             The game lasted 00:17:14 (7154 turns).

Menchi the Blocker (Gnoll Fighter)                  Turns: 7154, Time: 00:17:15

Health: -3/82      AC: 11    Str: 25    XL:     10   Next: 92%
Magic:  0/27       EV: 13    Int: 13    God:    Gozag
Gold:   326        SH:  6    Dex: 12    Spells: 20/20 levels left

rFire    x . .     SeeInvis .   B - +3 spear
rCold    + . .     Gourm    .   r - +0 buckler
rNeg     . . .     Faith    .   b - +0 scale mail
rPois    +         Spirit   +   (no helmet)
rElec    .         Reflect  .   g - +2 cloak
rCorr    .         Harm     .   (no gloves)
MR       .....                  (no boots)
Stlth    ++........             i - amulet of guardian spirit
HPRegen  0.23/turn              o - ring of magical power
MPRegen  0.20/turn              v - ring of Peace {Ice rPois Str+3 Int+3 Dex-3}

@: gold aura
A: distributed training, fangs 1, strong nose
a: Potion Petition, Call Merchant, Bribe Branch, Renounce Religion


You were on level 9 of the Dungeon.
You worshipped Gozag.
Gozag was aware of your devotion.
You were not hungry.

You visited 2 branches of the dungeon, and saw 10 of its levels.

You collected 427 gold pieces.
You paid 101 gold pieces to Gozag.

Inventory:

Hand Weapons
 B - a +3 spear (weapon)
Armour
 b - a +0 scale mail (worn)
 c - a +0 shield
 g - a +2 cloak (worn)
 r - a +0 buckler (worn)
Jewellery
 i - an amulet of guardian spirit (around neck)
 o - a ring of magical power (left hand)
 v - the ring of Peace (right hand) {Ice rPois Str+3 Int+3 Dex-3}
   (You found it on level 6 of the Dungeon)

   [ring of ice]

   It enhances your ice magic.
   It affects your strength (+3).
   It affects your intelligence (+3).
   It affects your dexterity (-3).
   It makes you vulnerable to fire.
   It protects you from cold.
   It protects you from poison.
 y - an uncursed amulet of magic regeneration
Wands
 z - a wand of digging (6)
Scrolls
 e - 5 scrolls of teleportation
 j - a scroll of blinking
 q - a scroll of magic mapping
 u - 2 scrolls of fog
 x - 4 scrolls of remove curse
Potions
 d - a potion of might
 h - 2 potions of curing
 l - a potion of heal wounds
 m - a potion of degeneration
 n - a potion of ambrosia
 p - a potion of flight
 t - 2 potions of brilliance
 A - a potion of mutation
Comestibles
 f - 16 rations


   Skills:
 + Level 8.7 Fighting
 + Level 5.6 Short Blades
 + Level 5.6 Long Blades
 + Level 5.6 Axes
 + Level 5.6 Maces & Flails
 + Level 7.3 Polearms
 + Level 5.6 Staves
 + Level 5.6 Slings
 + Level 5.6 Bows
 + Level 5.6 Crossbows
 + Level 5.6 Throwing
 + Level 8.7 Armour
 + Level 5.6 Dodging
 + Level 5.6 Stealth
 + Level 8.7 Shields
 + Level 5.6 Unarmed Combat
 + Level 5.6 Spellcasting
 + Level 4.6 Conjurations
 + Level 4.6 Hexes
 + Level 4.6 Charms
 + Level 4.6 Summonings
 + Level 4.6 Necromancy
 + Level 4.6 Translocations
 + Level 4.6 Transmutations
 + Level 4.6 Fire Magic
 + Level 4.6 Ice Magic
 + Level 4.6 Air Magic
 + Level 4.6 Earth Magic
 + Level 4.6 Poison Magic
 + Level 6.2 Invocations
 + Level 5.6 Evocations


You had 20 spell levels left.
You didn't know any spells.
Your spell library contained the following spells:

 Spells                   Type           Power        Failure   Level  Hunger
 Animate Skeleton         Necr           N/A          5%          1    None
 Apportation              Tloc           ###...       5%          1    None
 Confusing Touch          Hex            ###...       5%          1    None
 Summon Small Mammal      Summ           ###.         5%          1    None
 Leda's Liquefaction      Hex/Erth       ###.......   47%         4    ####...
 Bolt of Magma            Conj/Fire/Erth ###.......   83%         5    ######.
 Iron Shot                Conj/Erth      ###.......   100%        6    #######
 Statue Form              Tmut/Erth      ###......    100%        6    #######
 Shatter                  Erth           ###.......   100%        9    #######


Dungeon Overview and Level Annotations

Branches:
Dungeon (9/15)             Temple (1/1) D:5             Orc (0/2) D:9
   Lair: D:8-11

Altars:
Ashenzari
Cheibriados
Dithmenos
Elyvilon
Fedhas
Gozag
Hepliaklqana
Kikubaaqudgha
Makhleb
Nemelex Xobeh
Okawaru
Qazlal
Ru
Sif Muna
Trog
Uskayaw
Vehumet
Wu Jian
Xom
Yredelemnul
Zin
The Shining One
Beogh

Shops:
D:6 }


Innate Abilities, Weirdness & Mutations

Your experience applies equally to all skills.
You have very sharp teeth.
Your uncanny sense of smell can sniff out nearby items.


Message History

The orc priest hits you with a +0 short sword.
You block the orc warrior's attack.
You hit the orc priest but do no damage.
The orc priest is severely wounded.
The orc priest mumbles some strange prayers to Beogh against you.
Pain shoots through your body!
* * * LOW HITPOINT WARNING * * *
You hit the orc priest.
You kill the orc priest!
The orc warrior hits you from afar with a +0 glaive!
* * * LOW HITPOINT WARNING * * *
The orc warrior becomes distracted by the nearby gold, dreaming of imaginary riches.
There is an open door, spattered with blood here.
Items here: $ )))))) [[[[[[ You hit the orc warrior but do no damage.
The orc warrior is no longer distracted by gold.
You hit the orc warrior but do no damage.
The orc warrior hits you with a +0 glaive!!
You die...
Your body crumbles into a pile of gold.

#####.........###......
#..........[.## ##.....
#.............# ##....
#...........### #..##
#...........# ..###
###..######## .....
#...8#.....# ...
#....#.....# ...
#.>.$@o._..# ..
#....#.....#
#...8#.....#
############


You could see an orc warrior.

Vanquished Creatures
  A two-headed ogre (D:9)
  Prince Ribbit (D:5)
  4 yaks (D:9)
  4 hogs (D:7)
  A hungry ghost (D:9)
  Grum (D:9)
  A human (D:7)
  A water moccasin (D:7)
  3 ice beasts
  3 centaurs
  4 phantoms
  2 wolves (D:9)
  7 ogres
  A big kobold (D:7)
  A water moccasin zombie (D:8)
  3 bullfrogs
  A scorpion (D:7)
  5 killer bees (D:9)
  9 wights
  A howler monkey (D:5)
  3 crimson imps
  A bullfrog zombie (D:9)
  A centaur zombie (D:8)
  A quasit (D:7)
  3 jellies
  5 orc priests
  2 bullfrog skeletons
  2 hounds (D:4)
  7 orc wizards
  4 iguanas
  3 worker ants
  A howler monkey zombie (D:8)
  2 worker ant zombies (D:7)
  5 adders
  7 shadow imps
  An adder zombie (D:9)
  6 worms
  11 leopard geckos
  27 orcs
  3 bats
  11 giant cockroaches
  7 goblins
  14 hobgoblins
  6 jackals
  13 kobolds
  4 quokkas
  5 frilled lizards
  A jackal zombie (D:7)
  6 rats
216 creatures vanquished.

Notes
Turn   | Place    | Note
-------+----------+-------------------------------------------
     0 | D:1      | Menchi the Gnoll Fighter began the quest for the Orb.
     0 | D:1      | Reached XP level 1. HP: 23/23 MP: 1/1
   121 | D:1      | Reached XP level 2. HP: 24/29 MP: 2/2
   209 | D:1      | Reached XP level 3. HP: 31/35 MP: 1/3
   392 | D:1      | Reached skill level 1 in Invocations
   718 | D:2      | Reached skill level 1 in Short Blades
   718 | D:2      | Reached skill level 1 in Long Blades
   718 | D:2      | Reached skill level 1 in Axes
   718 | D:2      | Reached skill level 1 in Maces & Flails
   718 | D:2      | Reached skill level 1 in Staves
   718 | D:2      | Reached skill level 1 in Slings
   718 | D:2      | Reached skill level 1 in Bows
   718 | D:2      | Reached skill level 1 in Crossbows
   718 | D:2      | Reached skill level 1 in Throwing
   718 | D:2      | Reached skill level 1 in Dodging
   718 | D:2      | Reached skill level 1 in Stealth
   718 | D:2      | Reached skill level 1 in Unarmed Combat
   718 | D:2      | Reached skill level 1 in Spellcasting
   718 | D:2      | Reached skill level 1 in Evocations
   718 | D:2      | Reached XP level 4. HP: 41/41 MP: 5/5
  1255 | D:3      | Reached skill level 1 in Conjurations
  1255 | D:3      | Reached skill level 1 in Hexes
  1255 | D:3      | Reached skill level 1 in Charms
  1255 | D:3      | Reached skill level 1 in Summonings
  1255 | D:3      | Reached skill level 1 in Necromancy
  1255 | D:3      | Reached skill level 1 in Translocations
  1255 | D:3      | Reached skill level 1 in Transmutations
  1255 | D:3      | Reached skill level 1 in Fire Magic
  1255 | D:3      | Reached skill level 1 in Ice Magic
  1255 | D:3      | Reached skill level 1 in Air Magic
  1255 | D:3      | Reached skill level 1 in Earth Magic
  1255 | D:3      | Reached skill level 1 in Poison Magic
  1376 | D:3      | Noticed an ice beast
  1394 | D:3      | Killed an ice beast
  1394 | D:3      | Reached XP level 5. HP: 40/47 MP: 4/7
  1969 | D:4      | Reached XP level 6. HP: 50/53 MP: 8/8
  2001 | D:4      | Reached skill level 5 in Polearms
  2280 | D:4      | Reached XP level 7. HP: 52/59 MP: 10/10
  2302 | D:4      | You fall through a shaft for 3 floors!
  2326 | D:6      | Found Oxikliuk's Gadget Emporium.
  2338 | D:6      | Got a faintly glowing jade ring
  2339 | D:6      | Identified the ring of Peace {Ice rPois Str+3 Int+3 Dex-3}
                  | (You found it on level 6 of the Dungeon)
  2476 | D:6      | You fall through a shaft for 3 floors!
  2477 | D:9      | Noticed a yak
  2478 | D:9      | Noticed a yak
  2484 | D:9      | Noticed a yak
  2489 | D:9      | Noticed Grum
  2660 | D:8      | Reached XP level 8. HP: 29/67 MP: 8/12
  3363 | D:5      | Entered Level 5 of the Dungeon
  3501 | D:5      | Found an ancient bone altar of Kikubaaqudgha.
  3642 | D:5      | Noticed Prince Ribbit
  3793 | D:5      | Reached XP level 9. HP: 62/72 MP: 14/14
  4210 | D:5      | Killed Prince Ribbit
  4341 | D:5      | Found a staircase to the Ecumenical Temple.
  4347 | Temple   | Entered the Ecumenical Temple
  5750 | D:7      | Reached skill level 5 in Invocations
  5768 | D:7      | Reached XP level 10. HP: 31/80 MP: 15/17
  6270 | D:8      | Found a sacrificial altar of Ru.
  6384 | D:9      | Noticed a two-headed ogre
  6396 | D:9      | Killed a two-headed ogre
  6396 | D:9      | Reached skill level 5 in Short Blades
  6396 | D:9      | Reached skill level 5 in Long Blades
  6396 | D:9      | Reached skill level 5 in Axes
  6396 | D:9      | Reached skill level 5 in Maces & Flails
  6396 | D:9      | Reached skill level 5 in Staves
  6396 | D:9      | Reached skill level 5 in Slings
  6396 | D:9      | Reached skill level 5 in Bows
  6396 | D:9      | Reached skill level 5 in Crossbows
  6396 | D:9      | Reached skill level 5 in Throwing
  6396 | D:9      | Reached skill level 5 in Dodging
  6396 | D:9      | Reached skill level 5 in Stealth
  6396 | D:9      | Reached skill level 5 in Unarmed Combat
  6396 | D:9      | Reached skill level 5 in Spellcasting
  6396 | D:9      | Reached skill level 5 in Evocations
  6701 | D:9      | Killed Grum
  6866 | D:9      | Found an opulent altar of Gozag.
  6890 | D:9      | Became a worshipper of Gozag Ym Sagoz the Greedy
  7091 | D:9      | Found a staircase to the Orcish Mines.
  7097 | D:9      | Found a roughly hewn altar of Beogh.
  7154 | D:9      | Slain by an orc warrior

Skill      XL: |  1  2  3  4  5  6  7  8  9 10 |
---------------+-------------------------------+-----
Invocations    | 1 2 3 4 5 6 |  6.2
Short Blades   | 1 2 3 4 5 |  5.6
Long Blades    | 1 2 3 4 5 |  5.6
Axes           | 1 2 3 4 5 |  5.6
Maces & Flails | 1 2 3 4 5 |  5.6
Staves         | 1 2 3 4 5 |  5.6
Slings         | 1 2 3 4 5 |  5.6
Bows           | 1 2 3 4 5 |  5.6
Crossbows      | 1 2 3 4 5 |  5.6
Throwing       | 1 2 3 4 5 |  5.6
Dodging        | 1 2 3 4 5 |  5.6
Stealth        | 1 2 3 4 5 |  5.6
Unarmed Combat | 1 2 3 4 5 |  5.6
Spellcasting   | 1 2 3 4 5 |  5.6
Evocations     | 1 2 3 4 5 |  5.6
Conjurations   | 1 2 3 4 |  4.6
Hexes          | 1 2 3 4 |  4.6
Charms         | 1 2 3 4 |  4.6
Summonings     | 1 2 3 4 |  4.6
Necromancy     | 1 2 3 4 |  4.6
Translocations | 1 2 3 4 |  4.6
Transmutations | 1 2 3 4 |  4.6
Fire Magic     | 1 2 3 4 |  4.6
Ice Magic      | 1 2 3 4 |  4.6
Air Magic      | 1 2 3 4 |  4.6
Earth Magic    | 1 2 3 4 |  4.6
Poison Magic   | 1 2 3 4 |  4.6
Polearms       | 5 6 7 |  7.3
Fighting       | 7 8 |  8.7
Armour         | 7 8 |  8.7
Shields        | 7 8 |  8.7

Action                   |  1- 3 |  4- 6 |  7- 9 | 10-12 || total
-------------------------+-------+-------+-------+-------++-------
Melee: Trident           |    89 |   168 |   393 |       ||   650
       Bite              |     3 |    18 |    66 |    21 ||   108
       Punch             |       |     1 |       |       ||     1
       Spear             |       |       |    62 |   246 ||   308
Invok: Potion Petition   |       |       |       |     1 ||     1
Evoke: Wand              |       |       |       |     6 ||     6
  Use: Scroll            |       |     7 |     4 |     8 ||    19
       Potion            |       |     1 |     3 |     3 ||     7
 Stab: Distracted        |       |       |       |     1 ||     1
  Eat: Chunk             |       |     5 |    11 |     4 ||    20
       Ration            |       |       |       |     2 ||     2
Armor: Scale mail        |    26 |    61 |   147 |    40 ||   274
Dodge: Dodged            |    29 |    73 |   208 |    89 ||   399
Block: Buckler           |       |       |   111 |    56 ||   167
